Map: [ESL] Royal Blood

Players

ByuN - Winner!

  • Race: Terran Terran
  • Spawn Location: 1:00

Clem

  • Race: Terran Terran
  • Spawn Location: 7:00

Event: ESL SC2 Masters 2023 Summer (Finals)

VOD

Have the link to the VOD?

Description

Time

  • Played on: June 17, 2023, 2:02 p.m.
  • Length: 5:23

All games in this series

Show
View Real Time Build Order
Export as new Build Order

ByuN Terran - Winner!

Build Orders:  

Get SALT Encoding   

  12  0:00  SCV  
  13  0:12  SCV  
  14  0:17  Supply Depot  
  14  0:24  SCV  
  15  0:38  SCV  
  15  0:39  Barracks  
  16  0:42  Refinery  
  16  0:50  SCV  
  16  0:52  Refinery  
  17  1:03  SCV  
  18  1:15  SCV  
  19  1:26  Reaper  
  19  1:27  Orbital Command  
  19  1:31  Supply Depot  
  20  1:39  Factory  
  20  1:52  SCV  
  21  1:58  Barracks Reactor  
  21  2:04  SCV  
  22  2:15  Command Center  
  22  2:16  SCV  
  23  2:23  Hellion  
  23  2:28  SCV  
  25  2:34  Reaper x2  
  27  2:37  Supply Depot  
  27  2:41  SCV  
  28  2:45  Hellion  
  30  2:53  SCV  
  30  2:55  Starport  
  31  3:06  Marine x2  
  31  3:07  Factory Tech Lab  
  31  3:09  SCV  
  34  3:21  SCV  
  34  3:25  Marine x2  
  37  3:33  Medivac, Siege Tank  
  42  3:37  Orbital Command  
  42  3:40  SCV  
  43  3:44  Marine x2  
  45  3:51  Supply Depot  
  45  3:53  SCV  
  46  4:02  Marine x2  
  47  4:04  SCV  
  47  4:06  Cyclone  
  47  4:07  Starport Tech Lab  
  52  4:14  SCV, Supply Depot  
  52  4:16  SCV  
  54  4:20  Marine x2  
  56  4:27  SCV  
  56  4:29  SCV  
  57  4:38  Marine x2  
  57  4:39  SCV, Siege Tank  
  57  4:41  SCV  
  60  4:49  Raven  
  60  4:50  Refinery  
  60  4:51  SCV  
  61  4:53  SCV  
  61  4:56  Marine x2  
  64  5:03  SCV  
  64  5:05  Barracks, SCV  
Show
View Real Time Build Order
Export as new Build Order

Clem Terran 

Build Orders:  

Get SALT Encoding   

  12  0:00  SCV  
  13  0:12  SCV  
  14  0:16  Supply Depot  
  14  0:24  SCV  
  15  0:38  SCV  
  15  0:40  Barracks  
  16  0:43  Refinery  
  16  0:50  SCV  
  17  0:57  Barracks  
  17  1:02  SCV  
  18  1:15  SCV  
  19  1:27  Orbital Command, Reaper  
  19  1:30  Supply Depot  
  20  1:44  Reaper  
  21  1:52  SCV  
  22  1:59  Marine  
  23  2:07  SCV  
  24  2:10  Command Center  
  24  2:16  Marine  
  24  2:18  Refinery  
  25  2:24  SCV  
  25  2:30  Factory  
  25  2:31  Marine  
  25  2:35  Marine  
  25  2:36  SCV  
  28  2:42  Supply Depot  
  28  2:48  SCV  
  28  2:50  Barracks Tech Lab  
  29  3:00  SCV  
  30  3:11  Barracks Reactor  
  31  3:12  SCV  
  31  3:18  Marine  
  32  3:25  SCV, Cyclone  
  36  3:29  Orbital Command, Starport  
  36  3:36  Marine  
  36  3:37  SCV  
  38  3:48  Marine x2  
  40  3:49  SCV  
  40  3:55  Barracks Tech Lab, Supply Depot  
  41  3:56  SCV  
  41  4:01  SCV  
  43  4:07  Marine  
  43  4:08  Marine, SCV  
  46  4:13  SCV  
  46  4:14  Raven, Marine  
  50  4:19  Supply Depot  
  50  4:20  SCV  
  51  4:25  SCV  
  51  4:26  Factory Reactor  
  51  4:28  Marine  
  51  4:29  Marine  
  51  4:32  Marine, SCV  
  51  4:37  SCV  
  50  4:45  SCV  
  39  4:46  Marine  
  39  4:47  Marine  
  39  4:49  SCV  
  39  4:50  Marine  
  43  4:57  SCV  
  44  5:01  SCV  
  44  5:04  Marine  
  44  5:05  Marine  
  47  5:09  SCV  
Tags
 
Add a new tag
Caveats
  • Supply blocks, unpowered buildings, or Contaminate may cause inaccurate times.
  • Supply counts are checked every 10 seconds.